 Dungeon Crawl Stone Soup version bcrawl-1.13.1 (webtiles) character file.

Game seed: 1421910167201193219

168 Chiseanne the Sneak (level 5, -1/41 HPs)
             Began as a Demonspawn Archaeologist on Aug 2, 2019.
             Killed by nerve-wracking pain
             ... invoked by Grinder
              (11 damage)
             ... on level 3 of the Dungeon.
             The game lasted 00:04:50 (2726 turns).

Chiseanne the Sneak (Demonspawn Archaeologist)      Turns: 2726, Time: 00:04:51

Health: -1/41      AC: 10    Str: 11    XL:     5   Next: 24%
Magic:  5/5        EV: 13    Int: 16    God:
Gold:   126        SH:  0    Dex: 12    Spells: 4/4 levels left

rFire    . . .     SeeInvis .   j - +0 short sword
rCold    . . .     Gourm    .   (no shield)
rNeg     . . .     Faith    .   b - +1 robe
rPois    .         Spirit   .   c - +1 hat
rElec    .         Reflect  .   (no cloak)
rCorr    .         Harm     .   m - +0 pair of gloves
MR       .....                  d - +1 pair of boots
Stlth    ++++......             (no amulet)
HPRegen  0.13/turn              (no ring)
MPRegen  0.09/turn              (no ring)

@: studying Stealth
A: yellow scales 2, nightstalker 1
a: no special abilities


You were on level 3 of the Dungeon.
You were very hungry.

You visited 1 branch of the dungeon, and saw 3 of its levels.

You collected 126 gold pieces.

Inventory:

Hand Weapons
 j - a +0 short sword (weapon)
Missiles
 i - 716 stones (quivered)
 l - 283 arrows
 n - 313 bolts
 r - 301 poisoned needles
Armour
 b - a +1 robe (worn)
 c - a +1 hat (worn)
 d - a +1 pair of boots (worn)
 m - a +0 pair of gloves (worn)
Wands
 p - a wand of disintegration (21)
Potions
 k - a potion of flight
Books
 e - a manual of Stealth
Miscellaneous
 f - an ancient crate
Comestibles
 g - 2 rations {!d}


   Skills:
 - Level 3.0 Fighting
   Level 0.8 Maces & Flails
 - Level 2.6 Dodging
 + Level 6.7 Stealth


You had 4 spell levels left.
You didn't know any spells.
Your spell library was empty.

Dungeon Overview and Level Annotations

Branches:
Dungeon (3/12)

Altars:
Dithmenos
Fedhas
Xom

Annotations:
D:3 Grinder


Innate Abilities, Weirdness & Mutations

You are mostly covered in yellow scales. (AC +3)
You are slightly more attuned to the shadows.


Message History

You hit Grinder.
Grinder is moderately wounded.
Grinder misses you.
You barely miss Grinder.
Grinder is moderately wounded.
Grinder hits you but does no damage.
You hit Grinder.
Grinder is heavily wounded.
Grinder gestures at you. Pain shoots through your body!
You hit Grinder.
Grinder is heavily wounded.
Grinder gestures at you. Pain shoots through your body!
* * * LOW HITPOINT WARNING * * *
You hit Grinder but do no damage.
Grinder is heavily wounded.
Grinder gestures at you. Pain shoots through your body!
You die...

#.#......# #.#
######
#.#......# #.#
#....### #
##..#..# #.#
##......##
#..#..# #.#
#...._...#
##.#..# #.#
#.#..8_..# ...#
#.# #.#.._...#
.#.## #.#
#.#......# ...
#5####.#.#.#..#
#@#......#.#.##
#.#.##.###.#.#
#.#.##..<..#.###
#.#..#.#.......#
#.#.######.#.#.#
#.#........#.#.#
#)########.#.#.#
#.#...)..#.#.#.#
#.#.####.#.#.#.#


You could see Grinder.

Vanquished Creatures
  An orc priest (D:3)
  An orc wizard (D:3)
  3 adders (D:2)
  2 oozes
  4 worms (D:2)
  4 dart slugs (D:2)
  2 orcs (D:3)
  4 bats
  3 giant cockroaches
  8 hobgoblins
  10 jackals
  7 kobolds
  A quokka (D:2)
  A ball python (D:2)
  4 goblins
  3 rats
58 creatures vanquished.

Notes
Turn   | Place    | Note
-------+----------+-------------------------------------------
     0 | D:1      | Chiseanne the Demonspawn Archaeologist began the quest for
                  | the Orb.
     0 | D:1      | Reached XP level 1. HP: 15/15 MP: 1/1
    78 | D:1      | Gained mutation: You are partially covered in yellow
                  | scales. (AC +2) [demonic ancestry]
    78 | D:1      | Reached XP level 2. HP: 19/22 MP: 2/2
   760 | D:2      | Gained mutation: You are slightly more attuned to the
                  | shadows. [demonic ancestry]
   760 | D:2      | Reached XP level 3. HP: 24/29 MP: 3/3
   916 | D:2      | Reached skill level 4 in Stealth
  1093 | D:2      | Reached XP level 4. HP: 9/35 MP: 4/4
  1524 | D:2      | Reached skill level 5 in Stealth
  1829 | D:3      | Found a shadowy altar of Dithmenos.
  1829 | D:3      | Found a blossoming altar of Fedhas.
  1830 | D:3      | Found a shimmering altar of Xom.
  2021 | D:3      | Reached skill level 6 in Stealth
  2350 | D:3      | Gained mutation: You are mostly covered in yellow scales.
                  | (AC +3) [demonic ancestry]
  2350 | D:3      | Reached XP level 5. HP: 7/41 MP: 5/5
  2640 | D:3      | Noticed Grinder
  2648 | D:3      | Paralysed by Grinder for 4 turns
  2703 | D:3      | Paralysed by Grinder for 2 turns
  2707 | D:3      | Paralysed by Grinder for 2 turns
  2726 | D:3      | Killed from afar by Grinder

Skill      XL: |  1  2  3  4 |
---------------+-------------+-----
Fighting       | 2 3 |  3.0
Stealth        | 4 6 |  6.7
Maces & Flails | |  0.8
Dodging        | |  2.6

Action                   |  1- 3 |  4- 6 || total
-------------------------+-------+-------++-------
Melee: Whip              |    53 |       ||    53
       Short sword       |   136 |   147 ||   283
Throw: Stone             |     4 |       ||     4
  Use: Scroll            |     3 |       ||     3
       Potion            |       |     3 ||     3
 Stab: Sleeping          |     5 |     5 ||    10
  Eat: Chunk             |     1 |     4 ||     5
Armor: Robe              |    63 |    74 ||   137
Dodge: Dodged            |   127 |   129 ||   256
